 Dungeon Crawl Stone Soup version 0.27.1-33-g824d729ab1 (webtiles) character file.

Game seed: 4542268695218242780

598822 belegose the Eclecticist (level 27, -6/191 HPs)
             Began as a Djinni Venom Mage on Nov 25, 2021.
             Was the Champion of Makhleb.
             Mangled by a death cob (8 damage)
             ... while petrified
             ... on level 5 of the Realm of Zot on Nov 30, 2021.
             The game lasted 12:21:45 (78737 turns).

belegose the Eclecticist (Djinni Venom Mage)       Turns: 78737, Time: 12:21:45

Health: -6/191     AC: 17    Str: 12    XL:     27
Gold:   6736       EV:  2    Int: 24    God:    Makhleb [******] SH:  0 Dex: 15

rFire    + + +     SeeInvis .   b - +8 hand crossbow "Coshygot" {elec, Stlth+}
rCold    x . .     Faith    .   n - +8 tower shield {AC+3}
rNeg     + + +     Spirit   .   F - +2 robe of Vines {NoPotionHeal Regen+++}
rPois    ∞         Reflect  .   G - +2 hat
rElec    +         Harm     .   w - +2 cloak {rCorr}
rCorr    +         Rampage  .   g - +2 pair of gloves
Will     +++++     Clarity  +   (boots unavailable)
Stlth    +++++.....             O - amulet of the Four Winds {rN+ Will+++ Clar}
HPRegen  3.41/turn              X - ring "Voacout" {rElec rF+}
MPRegen  0.00/turn              V - ring of wizardry

@: silenced (expiring), petrified, marked, unable to drink, vertiginous, flying,
slowed, studying 2 skills
A: no potions, sickness immunity, fire resistance 2, cold vulnerability 1,
float, innate caster, hp casting, extra vitality 1, inability to read while
threatened
}: 3/15 runes: decaying, serpentine, silver
a: Renounce Religion


You were on level 5 of the Realm of Zot.
You worshipped Makhleb.
Makhleb was exalted by your worship.
You visited 11 branches of the dungeon, and saw 53 of its levels.
You also visited: Sewer and Desolation.

You collected 8405 gold pieces.
You spent 1669 gold pieces at shops.

Inventory:

Hand Weapons
 a - the +11 demon trident "Serph" {vorpal, rC++ rCorr Int+2 Dex+3}
   (You found it on level 5 of the Vaults)

   It inflicts extra damage upon your enemies.
   Int:       It affects your intelligence (+2).
   Dex:       It affects your dexterity (+3).
   rC:        It greatly protects you from cold.
   rCorr:     It protects you from acid and corrosion.
 b - the +8 hand crossbow "Coshygot" (weapon) {elec, Stlth+}
   (You found it on level 2 of the Depths)

   Any ammunition fired from it occasionally discharges a powerful burst of
   electricity upon striking a foe.
   Stlth:     It makes you more stealthy.
 d - the +7 hand axe of Risk Management {vorpal, +Blink Dex+5}
   (You found it on level 5 of the Vaults)

   It inflicts extra damage upon your enemies.
   Dex:       It affects your dexterity (+5).
   +Blink:    It lets you blink.
 y - the +9 rapier "Wasu Elyaf" {chaos, Will+ Str+2 Dex-3 SInv}
   (You found it on level 5 of the Lair of Beasts)

   Each time it hits an enemy it has a different, random effect.
   Str:       It affects your strength (+2).
   Dex:       It affects your dexterity (-3).
   SInv:      It lets you see invisible.
   Will:      It increases your willpower.
Missiles
 q - 1421 bolts (quivered ammo)
 s - 3 throwing nets
 Q - 13 javelins
Armour
 g - a +2 pair of gloves (worn)
 n - a +8 tower shield of protection (worn)
 w - a +2 cloak of preservation (worn)
 F - the +2 robe of Vines (worn) {NoPotionHeal Regen+++}
   (You found it on level 6 of the Lair of Beasts)

   Its wearer cannot be healed by potions.
   Regen:     It increases your rate of health regeneration.
 G - a +2 hat (worn)
Jewellery
 O - the amulet of the Four Winds (around neck) {rN+ Will+++ Clar}
   (You found it on level 15 of the Dungeon)

   [amulet of nothing]

   rN:        It protects you from negative energy.
   Clar:      It protects you against confusion.
   Will:      It greatly increases your willpower.
 V - a ring of wizardry (right hand)
 X - the ring "Voacout" (left hand) {rElec rF+}
   (You acquired it on level 2 of the Elven Halls)

   [ring of protection from fire]

   rF:        It protects you from fire.
   rElec:     It insulates you from electricity.
Wands
 m - a wand of paralysis (24)
 p - a wand of mindburst (12)
 r - a wand of iceblast (29)
 x - a wand of acid (22)
 z - a wand of flame (132)
 C - a wand of charming (48)
 I - a wand of digging (38)
Scrolls
 e - 4 scrolls of blinking
 i - 20 scrolls of teleportation
 j - 8 scrolls of fear
 u - 2 scrolls of silence
 L - a scroll of summoning
 N - 14 scrolls of fog
 R - 2 scrolls of holy word
Potions
 h - 26 potions of curing
 o - 20 potions of ambrosia
 t - 12 potions of brilliance
 v - 7 potions of cancellation
 A - 7 potions of mutation
 B - 4 potions of lignification
 D - 14 potions of heal wounds
 E - 7 potions of might
 H - a potion of berserk rage
 K - 4 potions of resistance
 M - 6 potions of invisibility
 S - 7 potions of haste
Miscellaneous
 f - a box of beasts (inert)
 k - a phial of floods
 U - a tin of tremorstones (2/2)
 W - a phantom mirror
 Y - a condenser vane
 Z - a lightning rod (4/4)


   Skills:
 + Level 15.2 Fighting
 - Level 14.0 Long Blades
 + Level 12.3 Polearms
 - Level 10.0 Crossbows
 - Level 12.0 Armour
 - Level 15.0 Dodging
 - Level 11.0 Stealth
 + Level 17.1 Shields
 + Level 20.5 Spellcasting
 - Level 13.0 Invocations
 - Level 10.0 Evocations


You couldn't memorise any spells.
You knew the following spells:

 Your Spells              Type           Power      Damage    Failure   Level
a - Sting                 Tmut/Pois      100%       1d8       1%          1
b - Poisonous Vapours     Pois/Air       100%       N/A       1%          2
c - Mephitic Cloud        Conj/Pois/Air  89%        N/A       1%          3
d - Olgreb's Toxic Radia  Pois           89%        N/A       1%          4
e - Animate Skeleton      Necr           100%       N/A       1%          1
f - Corpse Rot            Necr/Air       N/A        N/A       1%          2
g - Frozen Ramparts       Ice            100%       1d12      1%          3
h - Lesser Beckoning      Tloc           44%        N/A       1%          3
i - Summon Lightning Spi  Summ/Air       89%        N/A       1%          4
j - Borgnjor's Vile Clut  Necr/Erth      44%        N/A       1%          5
k - Shadow Creatures      Summ           N/A        N/A       1%          6
l - Invisibility          Hex            44%        N/A       1%          6
m - Statue Form           Tmut/Erth      59%        N/A       1%          6
n - Summon Horrible Thin  Summ           44%        N/A       6%          8
o - Infestation           Necr           44%        N/A       6%          8
p - Borgnjor's Revivific  Necr           44%        N/A       6%          8
q - Death's Door          Necr           44%        N/A       50%         9
Your spell library was empty.

Dungeon Overview and Level Annotations

Branches:
Dungeon (15/15)            Temple (1/1) D:6            Lair (6/6) D:10
  Swamp (4/4) Lair:4        Snake (4/4) Lair:3        Slime (0/5) Lair:6
    Orc (2/2) D:9             Elf (3/3) Orc:2        Vaults (5/5) D:13
  Crypt (3/3) Vaults:2       Tomb (0/3) Crypt:3      Depths (5/5) D:15
    Zot (5/5) Depths:5      Sewer (visited)         Desolation (visited)

Altars:
Ashenzari
Cheibriados
Dithmenos
Elyvilon
Fedhas
Gozag
Hepliaklqana
Kikubaaqudgha
Makhleb
Nemelex Xobeh
Okawaru
Qazlal
Ru
Sif Muna
Trog
Uskayaw
Vehumet
Wu Jian
Xom
Yredelemnul
Zin
The Shining One
Beogh
Jiyva

Shops:
D:3 *   Orc:2 :[:(   Elf:1 (   Snake:2 =   Vaults:1 (   Depths:1 :[?

Portals:
Hell: Depths:1 Depths:2 Depths:3 Depths:4 Depths:5
Abyss: Depths:2 Depths:3 Depths:4
Pandemonium: Depths:3 Depths:4
Ziggurat: Depths:5
Bazaar: Snake:3 Depths:2

Annotations:
Swamp:1 3 runed translucent doors, exclusion: 3 doors, ChiefBigBeans's ghost, journeyman DrBe
Snake:3 2 transporters, Roxanne
Elf:2 3 runed translucent doors, exclusion: 3 doors
Elf:3 exclusion: upstairs
Vaults:3 36 runed doors, exclusion: 36 doors
Vaults:4 36 runed doors
Depths:1 1 runed translucent door, exclusion: door, Liupibe's ghost, adept MiBe
Depths:3 27 runed doors, exclusion: 27 doors
Depths:4 2 transporters
Zot:2 2 transporters
Zot:5 3 runed translucent doors, mdk's ghost, legendary DjFE


Innate Abilities, Weirdness & Mutations

You cannot drink.
You are immune to sickness and miasma.
You are immune to poison.
Your flesh is very heat resistant. (rF++)
You are vulnerable to cold. (rC-)
You float through the air rather than walking.
You learn spells naturally, not from books.
Your magical power is your life essence.
You have superior vitality. (+4 HP)
You sometimes lose the ability to read scrolls when taking damage.


Message History

Your death scarab misses the orb of fire.
The Killer Klown pies you viciously! The klown pie hits you!!
Lemon!
You feel unable to drink.
* * * LOW HITPOINT WARNING * * *
The electric golem hits you but does no damage.
The electric golem hits you.
* * * LOW HITPOINT WARNING * * *
The electric golem shocks you. You resist.
* * * LOW HITPOINT WARNING * * *
The electric golem hits you.
* * * LOW HITPOINT WARNING * * *
The electric golem hits you.
* * * LOW HITPOINT WARNING * * *
Your death scarab bites the electric golem!!
Your death scarab drains the electric golem's vigour!
The electric golem seems to slow down.
The death cob hits you.
* * * LOW HITPOINT WARNING * * *
The death cob drains your vigour!
You feel as though you will be slow longer.
Your death scarab bites the orb of fire!!
Your death scarab drains the orb of fire's vigour!
The orb of fire seems to slow down.
An Orb Guardian comes into view.
Your juvenile stingox beast barely misses the electric golem.
Your juvenile stingox beast closely misses the electric golem.
Your juvenile stingox beast barely misses the electric golem.
The Killer Klown blinks!
The Orb Guardian is no longer moving slowly.
Your death scarab bites the orb of fire but does no damage.
Your death scarab completely misses the orb of fire.
Your death scarab closely misses the orb of fire.
The Killer Klown hits you with a +12 club!
* * * LOW HITPOINT WARNING * * *
Your death scarab closely misses the orb of fire.
The electric golem hits you but does no damage. x2
The electric golem hits you.
* * * LOW HITPOINT WARNING * * *
The electric golem hits you but does no damage.
The death cob hits you!
You die...

**,,,,,,,,,,,,,,,,,,,,,,
▓......p......X,,,,,,,,,
▓.....p........,,,,,,,,,
*▓.............^,,,,,,,,
*▓.....!....,,,,,,,,^**
*▓...B....,,,,,,,****
▓▓..X*^##▓▓▓▓▓▓▓▓▓▓▓#
##...B§y.............#
##...8@z.........[##X..
*#....pHX...^.......###.
#^^...........[..(..^###
#..^..^.........(....# #
#...............(....#
#..............(.....#
#....................#
#....................#
##..............^...##


You could see an orb of fire (slow), 3 Killer Klowns, an electric golem
(infested, slow, ally target), a death cob (slow), 2 Orb Guardians, a moth of
wrath (slow), a friendly juvenile stingox beast (summoned), a friendly large
abomination (summoned) and 2 friendly death scarabs.

Vanquished Creatures
  A dread lich (Zot:5)
  Mennas (Vaults:5)
  Saint Roka (Orc:1)
  A curse toe (Zot:4)
  A caustic shrike (Depths:5)
  Nikola (Snake:2)
  4 golden dragons
  6 tentacled monstrosities
  5 liches
  4 Orb Guardians (Zot:5)
  2 deep elf blademasters (Elf:3)
  3 quicksilver dragons (Zot:1)
  6 ancient champions
  2 deep elf master archers (Elf:3)
  5 death cobs
  A sphinx (Depths:4)
  6 tengu reavers
  A revenant (Crypt:2)
  6 nagarajas (Snake:4)
  3 storm dragons
  3 shadow dragons
  A fenstrider witch (Swamp:4)
  3 draconian scorchers
  3 fire giants
  2 frost giants
  2 deep elf sorcerers (Elf:3)
  2 draconian knights
  An orc warlord (Vaults:2)
  A ghost moth (Zot:5)
  An imperial myrmidon (Desolation)
  9 vault wardens
  A juggernaut zombie (Depths:1)
  4 draconian shifters
  A balrug (Depths:3)
  2 deep elf elementalists (Elf:3)
  4 draconian stormcallers
  A juggernaut skeleton (Depths:1)
  A draconian annihilator (Zot:4)
  9 very ugly things
  14 ironbound preservers
  7 stone giants
  9 deep elf demonologists
  5 vampire knights
  2 dire elephants
  A green draconian (Zot:2)
  7 deep elf annihilators
  7 red draconians
  A bunyip (Swamp:4)
  3 white draconians
  3 purple draconians
  8 spark wasps
  4 yellow draconians
  8 black draconians
  A crystal guardian (Desolation)
  3 eleionomae
  10 ettins
  Josephine (Lair:5)
  4 fire dragons
  2 deep elf death magi
  8 jiangshi
  4 great orbs of eyes
  9 deep elf high priests
  3 ice dragons
  2 servants of whispers (Desolation)
  7 peacekeepers
  4 boulder beetles
  2 ironbound thunderhulks
  7 ragged hierophants (Desolation)
  A ghost crab (Swamp:3)
  A salamander tyrant (Snake:4)
  9 yaktaur captains
  2 ogre magi
  26 vault guards
  9 naga warriors
  2 spriggan air magi (Depths:4)
  Erica (D:11)
  A catoblepas (Lair:5)
  3 ironbound frosthearts
  2 anacondas (Snake:3)
  7 centaur warriors
  4 two-headed ogres
  17 hydras
  5 tengu warriors
  8 deep troll shamans
  5 alligators
  9 vampire magi
  4 shock serpents
  21 dancing weapons
  5 naga sharpshooters
  2 death yaks (Lair:5)
  4 ironbound beastmasters
  A sun demon (Depths:1)
  2 spriggan berserkers
  3 nameless horrors
  2 orc high priests
  6 deep troll earth magi
  7 hell knights
  A soul eater (Depths:1)
  7 deep elf knights
  21 skeletal warriors
  7 iron trolls
  2 goliath frogs (Swamp:1)
  2 spriggan druids
  3 salamander mystics (Snake:4)
  A sea snake (Snake:3)
  9 bog bodies
  59 deep trolls
  9 deep elf archers
  A naga ritualist (Snake:4)
  8 wizards
  Pikel (D:5)
  2 glowing orange brains (Depths:3)
  15 ironbound convokers
  22 deep elf zephyrmancers
  3 orc knights
  3 lindwurms
  A tengu zombie (Depths:1)
  5 swamp dragons (Swamp:4)
  4 harpies (Vaults:3)
  6 necromancers
  2 anaconda skeletons (Crypt:3)
  24 deep elf pyromancers
  26 ugly things
  A mana viper (shapeshifter) (D:15)
  3 mana vipers
  3 cyclopes
  8 orc sorcerers
  A frost giant zombie (Depths:1)
  An iron dragon zombie (Crypt:3)
  A stone giant zombie (Depths:1)
  2 oklob plants (Lair:6)
  8 salamanders
  14 moths of wrath
  14 elephants
  3 stone giant skeletons
  7 naga magi
  3 smoke demons (Depths:1)
  A frost giant skeleton (Crypt:3)
  4 guardian serpents
  15 vault sentinels
  A fire giant skeleton (Crypt:3)
  A molten gargoyle (Desolation)
  16 black mambas
  An iron dragon skeleton (Depths:1)
  Joseph (Lair:1)
  A torpor snail (Lair:5)
  The ghost of Fondut the Vandal, a novice SpAM (D:6)
  A yaktaur zombie (Vaults:4)
  A yellow draconian zombie (Crypt:1)
  A dire elephant skeleton (Crypt:1)
  7 cane toads
  Psyche (D:9)
  2 kobold demonologists (D:11)
  2 rime drakes (Lair:5)
  An efreet (D:15)
  A freezing wraith (Vaults:5)
  19 yaktaurs
  A swamp worm zombie (Crypt:3)
  A human zombie (Vaults:3)
  3 unseen horrors
  6 komodo dragons
  2 tengu conjurers
  A queen bee (Lair:1)
  2 bloated husks
  4 meliai
  2 jumping spiders (shapeshifter)
  2 tyrant leeches
  3 trolls
  14 hornets
  A death drake zombie (Crypt:2)
  8 blink frogs (Lair:1)
  51 saltlings (Desolation)
  A slime creature (Vaults:1)
  9 dream sheep
  A harpy skeleton (Crypt:3)
  2 ice dragon skeletons (Crypt:3)
  A meliai zombie (D:11)
  An ettin skeleton (Crypt:3)
  An air elemental (Elf:3)
  Sigmund (D:5)
  5 humans (D:13)
  A fire dragon skeleton (Crypt:3)
  A redback (shapeshifter) (Vaults:5)
  A vampire (D:13)
  7 flying skulls (Crypt:3)
  A wind drake zombie (Crypt:2)
  3 wraiths
  16 yaks
  15 spriggans
  3 water elementals
  2 wyverns
  2 basilisks
  A basilisk (shapeshifter) (Elf:1)
  2 vampire mosquitoes (D:12)
  A wind drake skeleton (Crypt:2)
  5 fire elementals
  A steam dragon (D:8)
  10 nagas
  4 wargs
  11 swamp worms
  A swamp worm (shapeshifter) (Vaults:5)
  8 water moccasins
  An acid dragon (D:11)
  A deep troll skeleton (Crypt:1)
  A glowing shapeshifter zombie (Crypt:2)
  A tengu skeleton (Depths:1)
  A torturous demonspawn skeleton (Crypt:2)
  3 floating eyes (Depths:4)
  3 swamp drakes
  A blink frog zombie (Crypt:2)
  A faun skeleton (Crypt:2)
  4 black bears
  32 orc warriors
  A sky beast (D:4)
  2 ettin simulacra
  3 ogres
  2 necrophages
  10 wolves
  4 boggarts (Vaults:1)
  7 centaurs
  A lemure (D:3)
  A manticore skeleton (Crypt:1)
  A snapping turtle skeleton (Crypt:3)
  A hog skeleton (Crypt:2)
  A human skeleton (Vaults:3)
  3 kobold brigands
  9 bullfrogs
  6 gnoll sergeants
  A scorpion (D:6)
  3 earth elementals
  A yak zombie (Crypt:3)
  33 killer bees
  10 wights
  4 electric eels
  6 howler monkeys
  2 bullfrog zombies
  A black bear zombie (Crypt:1)
  3 centaur zombies
  5 hounds
  4 jellies
  30 orc priests
  3 iguanas
  29 orc wizards
  A hound skeleton (D:4)
  7 adders
  23 gnolls
  4 river rats (Sewer)
  2 ufetubi
  2 adder skeletons
  6 worms
  97 orcs
  5 ball pythons
  5 bats (D:1)
  A bat zombie (Crypt:3)
  9 endoplasms
  7 giant cockroaches
  A gnoll zombie (Crypt:3)
  8 goblins
  9 hobgoblins
  6 jackals
  A quokka (D:3)
  2 frilled lizards (D:2)
  A hobgoblin zombie (Crypt:1)
  A jackal skeleton (Crypt:3)
  A jackal zombie (Crypt:3)
  10 kobolds
  8 rats
  A spectral orc (Depths:1)
  A pillar of salt (Desolation)
1491 creatures vanquished.

Vanquished Creatures (collateral kills)
  2 ancient liches
  An orb of fire (Zot:4)
  2 juggernauts
  Mara (Elf:3)
  Boris (thrice) (Vaults:2 Vaults:4 Crypt:1)
  Sojobo (Depths:4)
  Bai Suzhen (Vaults:4)
  Margery (Vaults:2)
  Frederick (Vaults:2)
  the Lernaean hydra (Swamp:4)
  Xtahua (Crypt:3)
  4 caustic shrikes
  5 golden dragons
  the Enchantress (Depths:4)
  2 bone dragons (Crypt:3)
  An electric golem (Zot:2)
  6 tentacled monstrosities
  4 liches
  4 Orb Guardians (Zot:5)
  Asterion (Vaults:3)
  2 deep elf blademasters (Elf:3)
  4 titans (Vaults:5)
  3 quicksilver dragons
  4 ancient champions (Crypt:3)
  A death cob (Zot:4)
  A thorn hunter (Swamp:2)
  8 shadow dragons
  8 storm dragons
  5 tengu reavers
  3 revenants
  A draconian monk (Zot:2)
  11 vault wardens
  7 fire giants
  A frost giant (shapeshifter) (Vaults:5)
  5 deep elf sorcerers
  3 nagarajas
  An imperial myrmidon (Desolation)
  7 frost giants
  2 draconian scorchers
  2 iron dragons
  A draconian stormcaller (Zot:3)
  3 draconian shifters
  A draconian annihilator (Zot:2)
  An orc warlord (Depths:4)
  3 ghouls
  4 spriggan defenders
  4 war gargoyles
  13 very ugly things
  12 stone giants
  The ghost of Mumum the Arsonist, a journeyman DrFE of Vehumet (Lair:5)
  13 ironbound preservers
  3 vampire knights
  A deep elf demonologist (Depths:2)
  A black draconian (Zot:2)
  6 green draconians
  A yellow draconian (Zot:2)
  5 spark wasps
  4 deep elf annihilators
  3 halazid warlocks (Desolation)
  2 dire elephants (Vaults:2)
  3 white draconians
  3 eidola
  4 purple draconians
  6 bunyips
  5 red draconians
  2 crystal guardians
  5 deep elf death magi
  5 fire dragons
  An eleionoma (Swamp:2)
  6 jiangshi
  5 yaktaur captains
  8 ettins
  A shambling mangrove (Swamp:1)
  8 naga warriors
  17 vault guards
  3 ragged hierophants (Desolation)
  5 ice dragons
  A salamander tyrant (Snake:4)
  4 ironbound thunderhulks
  9 hydras
  A spriggan air mage (Depths:4)
  6 peacekeepers
  3 servants of whispers (Desolation)
  2 rakshasas
  An ogre mage (Vaults:5)
  2 boulder beetles
  2 catoblepae
  A ghost crab (Swamp:4)
  2 alligators
  5 ironbound frosthearts
  2 two-headed ogres
  10 death yaks
  A death knight (Crypt:1)
  3 anacondas
  2 centaur warriors
  The ghost of DemonSlayer the Cleaver, a journeyman TeBe of Trog (Lair:1)
  2 deep troll shamans
  3 naga sharpshooters
  A hell hog (Depths:1)
  A deep troll earth mage (Depths:5)
  4 vampire magi
  3 tengu warriors
  A shock serpent (Snake:1)
  12 hell knights
  6 spriggan berserkers
  2 soul eaters
  A deep elf knight (Elf:1)
  2 shadow wraiths
  30 skeletal warriors
  2 titan skeletons
  A salamander mystic (Depths:3)
  5 iron trolls
  3 goliath frogs
  2 sea snakes (Snake:1)
  A storm dragon skeleton (Crypt:3)
  5 flayed ghosts
  2 spriggan druids
  2 swamp dragons (Swamp:4)
  3 naga ritualists
  42 deep trolls
  11 phantasmal warriors
  5 bog bodies
  3 deep elf archers
  2 glowing orange brains
  4 necromancers
  9 ironbound convokers
  2 orc knights
  A harpy (Vaults:3)
  4 deep elf pyromancers (Elf:1)
  A golden dragon skeleton (Crypt:3)
  2 deep elf zephyrmancers (Elf:1)
  2 tengu zombies (Vaults:4)
  2 wizards
  An oklob plant (Lair:5)
  23 ugly things
  5 mana vipers
  A manticore (D:15)
  3 will-o-the-wisps
  7 salamanders
  2 cyclopes
  An iron dragon skeleton (Crypt:3)
  25 black mambas
  7 guardian serpents
  6 moths of wrath
  A stone giant skeleton (Crypt:3)
  A centaur zombie (D:12)
  13 naga magi
  5 smoke demons
  7 vault sentinels
  15 elephants
  4 human skeletons
  A torpor snail (Lair:5)
  2 gargoyles
  A molten gargoyle (Desolation)
  A cane toad (shapeshifter) (D:14)
  A frost giant skeleton (Crypt:3)
  7 cane toads
  A rime drake (Lair:2)
  14 yaktaurs
  A freezing wraith (Crypt:1)
  11 komodo dragons
  A catoblepas skeleton (Crypt:3)
  2 polar bears
  A bloated husk (Swamp:3)
  A queen bee (Lair:4)
  5 trolls
  24 saltlings (Desolation)
  2 tyrant leeches
  6 hornets
  6 dream sheep (Lair:6)
  Prince Ribbit (Lair:1)
  6 blink frogs
  9 slime creatures
  2 flying skulls (Crypt:3)
  An air elemental (Elf:1)
  6 wraiths
  A redback (shapeshifter) (Vaults:5)
  A water elemental (Depths:3)
  7 yaks
  4 spriggans
  4 humans (D:13)
  2 basilisks
  4 vampire mosquitoes (Swamp:2)
  2 wargs (Orc:1)
  35 nagas
  4 swamp worms
  2 torturous demonspawn skeletons
  2 acid dragons
  8 water moccasins
  2 nameless horrors
  A floating eye (Depths:4)
  10 orc warriors
  5 swamp drakes (Swamp:4)
  A necrophage (D:12)
  15 wolves
  2 ogres
  A swamp dragon skeleton (Crypt:3)
  A snapping turtle skeleton (Crypt:3)
  A centaur (D:12)
  A manticore skeleton (Crypt:3)
  A palentonga zombie (Crypt:2)
  An elf simulacrum (Vaults:4)
  A bullfrog (Lair:1)
  A gnoll sergeant (D:9)
  A glowing shapeshifter simulacrum (Vaults:4)
  An earth elemental (Elf:3)
  7 killer bees (Lair:4)
  A wight (D:12)
  2 orc priests (Orc:1)
  6 orc wizards
  3 gnolls (D:9)
  An iguana skeleton (Crypt:1)
  3 orcs
  An orc zombie (Crypt:1)
919 creatures vanquished.

Vanquished Creatures (others)
  A draconian stormcaller (Zot:1)
  A deep elf knight (Elf:1)
  A skeletal warrior (D:13)
  A deep troll (Vaults:1)
  A bog body (Swamp:4)
  A yaktaur (Vaults:1)
  A bloated husk (Swamp:4)
  A water elemental (Elf:2)
  3 swamp worms
  An orc warrior (Depths:4)
  A swamp drake (Swamp:4)
  2 orcs (Depths:4)
  2 bushes
  26 foxfires
  82 fungi
  104 plants
  3 withered plants (Desolation)
232 creatures vanquished.

Grand Total: 2642 creatures vanquished

Notes
Turn   | Place    | Note
-------+----------+-------------------------------------------
     0 | D:1      | belegose the Djinni Venom Mage began the quest for the Orb.
     0 | D:1      | Reached XP level 1. HP: 15/15 MP: 0/0
   166 | D:1      | Reached XP level 2. HP: 19/22 MP: 0/0
   527 | D:1      | Reached skill level 1 in Fighting
   649 | D:1      | You are sucked into a shaft and drop 1 floor!
   649 | D:2      | Found a faded altar of an unknown god.
   669 | D:2      | Reached XP level 3. HP: 27/27 MP: 0/0
   669 | D:2      | Learned a level 1 spell: Animate Skeleton
  1075 | D:1      | You are sucked into a shaft and drop 1 floor!
  1153 | D:1      | Reached XP level 4. HP: 30/32 MP: 0/0
  2263 | D:3      | Reached skill level 3 in Spellcasting
  2624 | D:3      | Found Nikleorgh's Assorted Antiques.
  2632 | D:3      | Bought a scroll labelled GAGUDE ASIOZU for 26 gold pieces
  2632 | D:3      | Bought a lumpy emerald potion for 23 gold pieces
  2632 | D:3      | Bought a scroll labelled MUREFF XI VUE for 26 gold pieces
  2632 | D:3      | Bought a fizzy inky potion for 23 gold pieces
  3015 | D:3      | Reached XP level 5. HP: 32/38 MP: 0/0
  3015 | D:3      | Learned a level 2 spell: Corpse Rot
  3403 | D:4      | Identified the +4 leather armour of Joump {rC+}
  3516 | D:4      | Reached XP level 6. HP: 20/45 MP: 0/0
  3585 | D:4      | Found a glowing drain.
  3618 | Sewer    | Entered a sewer
  3627 | Sewer    | HP: 2/46 [river rat (2)]
  4153 | Sewer    | Found a white marble altar of Elyvilon.
  4272 | D:4      | Reached XP level 7. HP: 33/50 MP: 0/0
  4272 | D:4      | Learned a level 3 spell: Frozen Ramparts
  4980 | D:4      | Reached skill level 4 in Spellcasting
  5121 | D:5      | Entered Level 5 of the Dungeon
  5362 | D:5      | Noticed Sigmund
  5368 | D:5      | Killed Sigmund
  5369 | D:5      | Reached XP level 8. HP: 44/58 MP: 0/0
  6426 | D:5      | Reached skill level 5 in Fighting
  6595 | D:5      | Noticed Pikel
  7066 | D:5      | Killed Pikel
  7067 | D:5      | Reached skill level 5 in Stealth
  7067 | D:5      | Reached skill level 5 in Spellcasting
  7067 | D:5      | Reached XP level 9. HP: 47/66 MP: 0/0
  7067 | D:5      | Learned a level 3 spell: Lesser Beckoning
  7909 | D:6      | Found a broken altar of Ashenzari.
  8037 | D:6      | Found a shadowy altar of Dithmenos.
  8172 | D:6      | Found a runed translucent gate.
  8176 | D:6      | Found a runed translucent gate.
  8177 | D:6      | Found a runed translucent gate.
  8179 | D:6      | Noticed Fondut's ghost (novice SpAM)
  8714 | D:6      | Found a staircase to the Ecumenical Temple.
  8967 | Temple   | Entered the Ecumenical Temple
 10317 | D:7      | Reached skill level 6 in Spellcasting
 10809 | D:8      | Noticed a boulder beetle
 10809 | D:8      | Found a transporter.
 10809 | D:8      | Found a transporter.
 10829 | D:8      | Reached skill level 1 in Armour
 10942 | D:8      | Found a stormy altar of Qazlal.
 10959 | D:8      | Reached XP level 10. HP: 50/75 MP: 0/0
 11949 | D:8      | Found an ornate altar of the Wu Jian Council.
 11983 | D:8      | Noticed a two-headed ogre
 12533 | D:8      | Found a white marble altar of Elyvilon.
 12535 | D:8      | Found a hide-covered altar of Uskayaw.
 12558 | D:8      | Killed a two-headed ogre
 12949 | D:8      | Noticed a green ugly thing
 12950 | D:8      | Noticed a centaur warrior
 13257 | D:9      | Noticed Psyche
 13268 | D:9      | Killed Psyche
 13547 | D:9      | Reached skill level 7 in Spellcasting
 13554 | D:9      | Reached XP level 11. HP: 77/82 MP: 0/0
 13554 | D:9      | Learned a level 4 spell: Summon Lightning Spire
 13604 | D:9      | Noticed a two-headed ogre
 13612 | D:9      | Killed a two-headed ogre
 13755 | D:9      | Reached skill level 5 in Armour
 13998 | D:9      | Found a burning altar of Makhleb.
 14003 | D:9      | Became a worshipper of Makhleb the Destroyer
 14190 | D:9      | Noticed a centaur warrior
 14199 | D:9      | Reached skill level 1 in Invocations
 14203 | D:9      | Killed a centaur warrior
 15449 | D:9      | Found a staircase to the Orcish Mines.
 16133 | D:10     | Entered Level 10 of the Dungeon
 16160 | D:9      | Reached skill level 1 in Shields
 16665 | D:10     | Reached * piety under Makhleb
 16726 | D:10     | Reached skill level 8 in Spellcasting
 16822 | D:10     | Noticed a two-headed ogre
 16838 | D:10     | Reached XP level 12. HP: 88/90 MP: 0/0
 16885 | D:10     | Killed a two-headed ogre
 16901 | D:10     | Found a staircase to the Lair.
 17255 | Orc:1    | Entered Level 1 of the Orcish Mines
 17265 | Orc:1    | Reached skill level 5 in Invocations
 17267 | Orc:1    | Reached ** piety under Makhleb
 17349 | Orc:2    | Entered Level 2 of the Orcish Mines
 17590 | Orc:2    | Noticed Saint Roka
 17684 | Lair:1   | Entered Level 1 of the Lair of Beasts
 17776 | Lair:1   | Found a transporter.
 17777 | Lair:1   | Noticed DemonSlayer's ghost (journeyman TeBe)
 17779 | Lair:1   | Found a transporter.
 17877 | Lair:1   | Noticed Prince Ribbit
 17883 | Lair:1   | Killed Prince Ribbit
 17971 | Lair:1   | Reached skill level 9 in Spellcasting
 17987 | Lair:1   | Reached *** piety under Makhleb
 18117 | Lair:1   | Noticed Joseph
 18127 | Lair:1   | Killed Joseph
 19180 | Lair:2   | Reached XP level 13. HP: 45/94 MP: 0/0
 19180 | Lair:2   | Learned a level 5 spell: Borgnjor's Vile Clutch
 19761 | Lair:3   | Noticed a four-headed hydra
 19768 | Lair:3   | Killed a four-headed hydra
 19946 | Lair:3   | Reached **** piety under Makhleb
 19951 | Lair:3   | Reached skill level 10 in Spellcasting
 20081 | Lair:3   | Found a staircase to the Snake Pit.
 20329 | Lair:3   | Noticed a four-headed hydra
 20339 | Lair:3   | Killed a four-headed hydra
 20650 | Lair:4   | Noticed a six-headed hydra
 20657 | Lair:4   | Killed a six-headed hydra
 20821 | Lair:4   | Noticed a seven-headed hydra
 20834 | Lair:4   | Killed a seven-headed hydra
 20860 | Lair:4   | Noticed an eight-headed hydra
 20868 | Lair:4   | Killed an eight-headed hydra
 20948 | Lair:4   | Reached skill level 10 in Invocations
 21091 | Lair:4   | Reached ***** piety under Makhleb
 21282 | Lair:4   | Found a staircase to the Swamp.
 22071 | Lair:5   | Found a bloodstained altar of Trog.
 22071 | Lair:5   | Noticed Mumum's ghost (journeyman DrFE)
 22074 | Lair:5   | Found a transporter.
 22219 | Lair:5   | Found a transporter.
 22234 | Lair:5   | Reached skill level 11 in Spellcasting
 22254 | Lair:5   | Reached XP level 14. HP: 99/101 MP: 0/0
 22363 | Lair:4   | Reached skill level 5 in Dodging
 22829 | Lair:5   | Noticed Josephine
 22872 | Lair:5   | Killed Josephine
 22873 | Lair:5   | Reached skill level 10 in Fighting
 23276 | Lair:5   | Identified the +9 rapier "Wasu Elyaf" {chaos, Will+ Str+2
                  | Dex-3 SInv}
 23312 | Lair:6   | Entered Level 6 of the Lair of Beasts
 23312 | Lair:6   | Found a runed translucent door.
 23312 | Lair:6   | Found a viscous altar of Jiyva.
 24223 | Lair:6   | Found a staircase to the Slime Pits.
 24250 | Lair:6   | Found the +2 robe of Vines {NoPotionHeal Regen+++}
 24345 | Lair:6   | Reached ****** piety under Makhleb
 24625 | Lair:6   | Reached XP level 15. HP: 109/109 MP: 0/0
 24625 | Lair:6   | Learned a level 6 spell: Shadow Creatures
 25713 | Orc:1    | Killed Saint Roka
 27013 | Orc:2    | Found a staircase to the Elven Halls.
 27242 | Orc:2    | Found Soimefui's Armour Shoppe.
 27242 | Orc:2    | Found Decsuf's Antique Weapon Emporium.
 27243 | Orc:2    | Found Athrium's Book Emporium.
 27246 | Orc:2    | Found Qoisch Heogu's Book Shoppe.
 27486 | Orc:2    | Bought a +2 buckler for 231 gold pieces
 27499 | Orc:2    | Bought a jewelled war axe for 306 gold pieces
 27499 | Orc:2    | Identified the +6 war axe of Duryr {speed, *Slow rN+++
                  | Str-4 Stlth+} (You bought it in a shop on level 2 of the
                  | Orcish Mines)
 27499 | Orc:2    | Bought a masterwork war axe for 306 gold pieces
 27499 | Orc:2    | Identified the +1 war axe of Greed {drain, Will+ Dex+4}
                  | (You bought it in a shop on level 2 of the Orcish Mines)
 28037 | D:11     | Noticed Erica
 28047 | D:11     | Killed Erica
 28048 | D:11     | Reached skill level 12 in Spellcasting
 29112 | D:12     | Reached skill level 1 in Long Blades
 30654 | D:13     | You are sucked into a shaft and drop 2 floors!
 30654 | D:15     | Entered Level 15 of the Dungeon
 30658 | D:15     | Found the amulet of the Four Winds {rN+ Will+++ Clar}
 31389 | D:13     | Reached XP level 16. HP: 107/118 MP: 0/0
 31779 | D:13     | Found a gate to the Vaults.
 32171 | D:14     | Found a shadowy altar of Dithmenos.
 32515 | D:14     | Reached skill level 5 in Shields
 32627 | D:15     | Found an iron altar of Okawaru.
 32716 | D:15     | Identified the +0 chain mail "Realah" {Will+ Dex+2}
 32837 | D:15     | Found a staircase to the Depths.
 33174 | Snake:1  | Entered Level 1 of the Snake Pit
 33982 | Snake:1  | Reached skill level 5 in Long Blades
 34156 | Snake:2  | Noticed a nagaraja
 34671 | Snake:2  | Noticed Nikola
 34762 | Snake:2  | Killed Nikola
 34832 | Snake:2  | Found Jeg Okla's Jewellery Shop.
 34967 | Snake:2  | Killed a nagaraja
 34968 | Snake:2  | Reached XP level 17. HP: 112/123 MP: 0/0
 34968 | Snake:2  | Learned a level 6 spell: Invisibility
 35731 | Snake:3  | Found a transporter.
 35797 | Snake:3  | Noticed Roxanne
 35965 | Snake:3  | Found a gateway to a bazaar.
 36077 | Swamp:1  | Entered Level 1 of the Swamp
 36147 | Swamp:1  | Reached skill level 10 in Stealth
 36394 | Swamp:1  | Found a runed translucent gate.
 36394 | Swamp:1  | Found a runed translucent gate.
 36435 | Swamp:1  | Found a runed translucent gate.
 36435 | Swamp:1  | Noticed ChiefBigBeans's ghost (journeyman DrBe)
 36527 | Swamp:1  | Reached skill level 13 in Spellcasting
 37423 | Swamp:2  | Noticed a thorn hunter
 37439 | Swamp:2  | Killed a thorn hunter
 38567 | Swamp:3  | Found the +4 robe of Folly {Brilliance Will-∞ Int+8}
 38949 | Snake:3  | Found a transporter.
 39234 | Snake:3  | Reached XP level 18. HP: 130/130 MP: 0/0
 39674 | Snake:4  | Entered Level 4 of the Snake Pit
 41147 | D:6      | Killed Fondut's ghost
 41439 | Lair:1   | Killed DemonSlayer's ghost
 41681 | Lair:5   | Killed Mumum's ghost
 41939 | Elf:1    | Entered Level 1 of the Elven Halls
 41949 | Orc:2    | Reached skill level 10 in Shields
 42019 | Elf:1    | Paralysed by an air elemental for 1 turns
 42392 | Elf:1    | Reached skill level 14 in Spellcasting
 42962 | Elf:1    | Found Mich's Antique Weapon Shop.
 43077 | Elf:2    | Identified a scroll of acquirement
 43203 | Elf:2    | Identified the +3 chain mail "Naamuguz" {rC- Dex+4}
 43218 | Elf:2    | Acquired the ring "Voacout" {rElec rF+}
 43232 | Elf:3    | Entered Level 3 of the Elven Halls
 43324 | Elf:3    | Reached skill level 10 in Long Blades
 43359 | Elf:2    | Reached XP level 19. HP: 79/135 MP: 0/0
 43359 | Elf:2    | Learned a level 6 spell: Statue Form
 43722 | Elf:2    | Found a runed translucent gate.
 43723 | Elf:2    | Found a runed translucent gate.
 43723 | Elf:2    | Found a runed translucent gate.
 44132 | Elf:3    | Paralysed by an air elemental for 1 turns
 44526 | Elf:3    | Noticed a deep elf blademaster
 44535 | Elf:3    | Killed a deep elf blademaster
 44595 | Elf:3    | Identified the +9 battleaxe "Lacertilianslayer" {venom, rF-
                  | Str+7}
 44595 | Elf:3    | Identified the amulet "Asonilot" {Faith rElec Int+4}
 44602 | Elf:3    | Identified the +2 robe of the Ego {rPois rCorr Str-4
                  | Stlth+}
 44602 | Elf:3    | Noticed a deep elf blademaster
 44610 | Elf:3    | Killed a deep elf blademaster
 45013 | Elf:3    | Noticed Mara
 45028 | Elf:3    | Killed Mara
 45322 | Elf:3    | Identified the +11 short sword of Juawirch {distort, rN+
                  | Int+3}
 45435 | Elf:3    | Identified the +5 glaive of Courage {venom, rF- Will+++
                  | Str-2 Int+8}
 45435 | Elf:3    | Identified the ring of Wishful Thinking {Fly rC+ Will+
                  | Int+4}
 45541 | Elf:3    | Identified the +4 spear of Moicaext {venom, rPois Dex+6}
 45554 | Elf:3    | Reached XP level 20. HP: 132/141 MP: 0/0
 45636 | Elf:3    | Reached skill level 15 in Spellcasting
 45816 | Elf:3    | Identified the +2 fustibalus of Feisuze {freeze, Will+}
 45851 | Elf:3    | Identified the +3 spear "Galovyko" {speed, rElec Str+5}
 46373 | Snake:4  | Reached skill level 1 in Evocations
 46904 | Snake:4  | Got a serpentine rune of Zot
 47175 | Swamp:4  | Entered Level 4 of the Swamp
 47970 | Swamp:4  | Noticed the 27-headed Lernaean hydra
 47988 | Swamp:4  | Killed the 27-headed Lernaean hydra
 47997 | Swamp:4  | Got a decaying rune of Zot
 48867 | Vaults:1 | Entered Level 1 of the Vaults
 48918 | Vaults:1 | Reached skill level 5 in Evocations
 49047 | Vaults:1 | Reached XP level 21. HP: 133/147 MP: 0/0
 49047 | Vaults:1 | Learned a level 8 spell: Summon Horrible Things
 49415 | Vaults:2 | Noticed Boris
 49425 | Vaults:2 | Killed Boris
 49518 | Vaults:1 | Found Kos Muor's Weapon Boutique.
 51237 | Vaults:2 | Found a staircase to the Crypt.
 51402 | Vaults:3 | Found a crumbling gateway.
 51435 | Desolati | Entered the Desolation of Salt
 51879 | Desolati | Identified the ring "Oneczu" {+Blink Fly Int+4}
 51953 | Desolati | Reached skill level 16 in Spellcasting
 52264 | Desolati | Identified the amulet of Absolutism {Acrobat Str+2}
 52385 | Desolati | Reached XP level 22. HP: 152/152 MP: 0/0
 52557 | Desolati | Identified the +3 kite shield of the Yeti {rC+}
 53477 | Vaults:3 | Found a huge runed gate.
 53477 | Vaults:3 | Found a huge runed gate.
 53477 | Vaults:3 | Found a huge runed gate.
 53477 | Vaults:3 | Found a huge runed gate.
 53477 | Vaults:3 | Found a huge runed gate.
 53477 | Vaults:3 | Found a huge runed gate.
 53477 | Vaults:3 | Found a huge runed gate.
 53477 | Vaults:3 | Found a huge runed gate.
 53478 | Vaults:3 | Found a huge runed gate.
 53478 | Vaults:3 | Found a huge runed gate.
 53479 | Vaults:3 | Found a huge runed gate.
 53480 | Vaults:3 | Found a huge runed gate.
 53481 | Vaults:3 | Found a huge runed gate.
 53482 | Vaults:3 | Found a huge runed gate.
 53483 | Vaults:3 | Found a huge runed gate.
 53577 | Vaults:3 | Found a huge runed gate.
 53578 | Vaults:3 | Found a huge runed gate.
 53579 | Vaults:3 | Found a huge runed gate.
 53580 | Vaults:3 | Found a huge runed gate.
 53588 | Vaults:3 | Found a huge runed gate.
 53588 | Vaults:3 | Found a huge runed gate.
 53588 | Vaults:3 | Found a huge runed gate.
 53588 | Vaults:3 | Found a huge runed gate.
 53588 | Vaults:3 | Found a huge runed gate.
 53588 | Vaults:3 | Found a huge runed gate.
 53589 | Vaults:3 | Found a huge runed gate.
 53590 | Vaults:3 | Found a huge runed gate.
 53591 | Vaults:3 | Found a huge runed gate.
 53599 | Vaults:3 | Found a huge runed gate.
 53599 | Vaults:3 | Found a huge runed gate.
 53599 | Vaults:3 | Found a huge runed gate.
 53599 | Vaults:3 | Found a huge runed gate.
 53599 | Vaults:3 | Found a huge runed gate.
 53599 | Vaults:3 | Found a huge runed gate.
 53600 | Vaults:3 | Found a huge runed gate.
 53601 | Vaults:3 | Found a huge runed gate.
 53670 | Vaults:3 | Reached skill level 17 in Spellcasting
 53807 | Vaults:3 | Identified the +2 plate armour of the Morning {Rampage Fly
                  | rF-}
 54305 | Vaults:3 | Noticed Asterion
 54314 | Vaults:3 | Killed Asterion
 55251 | Vaults:2 | Reached XP level 23. HP: 157/157 MP: 0/0
 55251 | Vaults:2 | Learned a level 8 spell: Infestation
 55401 | Vaults:2 | Noticed Frederick
 55417 | Vaults:2 | Killed Frederick
 55459 | Vaults:2 | Identified the amulet "Xapsoen" {Acrobat Int+2}
 55481 | Vaults:2 | Reached skill level 10 in Evocations
 55737 | Vaults:2 | Noticed Margery
 55738 | Vaults:2 | Reached skill level 18 in Spellcasting
 55748 | Vaults:2 | Killed Margery
 55946 | Vaults:4 | Noticed Boris
 55956 | Vaults:4 | Killed Boris
 56134 | Vaults:4 | Found a huge runed gate.
 56134 | Vaults:4 | Found a huge runed gate.
 56134 | Vaults:4 | Found a huge runed gate.
 56134 | Vaults:4 | Found a huge runed gate.
 56134 | Vaults:4 | Found a huge runed gate.
 56135 | Vaults:4 | Found a huge runed gate.
 56135 | Vaults:4 | Found a huge runed gate.
 56135 | Vaults:4 | Found a huge runed gate.
 56135 | Vaults:4 | Found a huge runed gate.
 56135 | Vaults:4 | Found a huge runed gate.
 56136 | Vaults:4 | Found a huge runed gate.
 56136 | Vaults:4 | Found a huge runed gate.
 56137 | Vaults:4 | Found a huge runed gate.
 56138 | Vaults:4 | Found a huge runed gate.
 56139 | Vaults:4 | Found a huge runed gate.
 56147 | Vaults:4 | Found a huge runed gate.
 56147 | Vaults:4 | Found a huge runed gate.
 56147 | Vaults:4 | Found a huge runed gate.
 56147 | Vaults:4 | Found a huge runed gate.
 56147 | Vaults:4 | Found a huge runed gate.
 56147 | Vaults:4 | Found a huge runed gate.
 56148 | Vaults:4 | Found a huge runed gate.
 56158 | Vaults:4 | Found a huge runed gate.
 56158 | Vaults:4 | Found a huge runed gate.
 56164 | Vaults:4 | Found a huge runed gate.
 56164 | Vaults:4 | Found a huge runed gate.
 56164 | Vaults:4 | Found a huge runed gate.
 56164 | Vaults:4 | Found a huge runed gate.
 56164 | Vaults:4 | Found a huge runed gate.
 56164 | Vaults:4 | Found a huge runed gate.
 56165 | Vaults:4 | Found a huge runed gate.
 56166 | Vaults:4 | Found a huge runed gate.
 56167 | Vaults:4 | Found a huge runed gate.
 56175 | Vaults:4 | Found a huge runed gate.
 56175 | Vaults:4 | Found a huge runed gate.
 56175 | Vaults:4 | Found a huge runed gate.
 56351 | Vaults:4 | Identified the +10 spear of Zin {venom, Fly rElec rN+
                  | Str+3}
 56411 | Vaults:4 | Reached skill level 15 in Shields
 57096 | Crypt:1  | Entered Level 1 of the Crypt
 57217 | Crypt:1  | Reached skill level 10 in Dodging
 57238 | Crypt:1  | Noticed Boris
 57285 | Crypt:1  | Killed Boris
 57708 | Crypt:1  | Reached XP level 24. HP: 164/164 MP: 0/0
 58374 | Crypt:2  | Identified the +7 whip of Vengeance {vorpal, +Blink}
 58964 | Crypt:3  | Entered Level 3 of the Crypt
 59222 | Crypt:3  | Found a basalt altar of Yredelemnul.
 59950 | Crypt:3  | Found a staircase to the Tomb.
 60011 | Crypt:3  | Noticed Xtahua
 60022 | Crypt:3  | Killed Xtahua
 60230 | Crypt:3  | Noticed an ancient lich
 60237 | Crypt:3  | Killed an ancient lich
 60351 | Crypt:3  | Identified the +2 great mace "Riepiall" {vorpal, Int+5}
 60377 | Crypt:3  | Identified the +0 plate armour "Fuit" {-Tele rElec Will+}
 60380 | Crypt:3  | Identified the +2 ring mail "Pemaan" {+Inv}
 60733 | Depths:1 | Entered Level 1 of the Depths
 61204 | Depths:1 | Found a gateway to Hell.
 61207 | Depths:1 | Reached XP level 25. HP: 168/169 MP: 0/0
 61207 | Depths:1 | Learned a level 8 spell: Borgnjor's Revivification
 61314 | Depths:1 | Found Veneotwi's Magic Scroll Emporium.
 61415 | Depths:1 | Reached skill level 10 in Armour
 61480 | Depths:1 | Found Oruseq's Book Boutique.
 61658 | Depths:1 | You are sucked into a shaft and drop 1 floor!
 61683 | Depths:2 | Noticed a juggernaut
 61697 | Depths:2 | Killed a juggernaut
 61714 | Depths:2 | Reached skill level 19 in Spellcasting
 61931 | Depths:1 | Found a runed translucent door.
 62172 | Depths:1 | Noticed Liupibe's ghost (adept MiBe)
 62264 | Depths:1 | Found Loixuen's Antique Armour Shoppe.
 62270 | Depths:1 | Bought a dazzling leather armour for 364 gold pieces
 62270 | Depths:1 | Identified the +0 leather armour of Sushoopy {rPois Will-
                  | Str+5} (You bought it in a shop on level 1 of the Depths)
 62270 | Depths:1 | Bought a brightly glowing leather armour for 364 gold
                  | pieces
 62270 | Depths:1 | Identified the +1 leather armour of Lies {rPois Will+} (You
                  | bought it in a shop on level 1 of the Depths)
 62426 | Depths:1 | Found a hazy altar of Hepliaklqana.
 62464 | Depths:2 | Found a one-way gate to the infinite horrors of the Abyss.
 62943 | Depths:2 | Found a gateway to a bazaar.
 62988 | Depths:2 | Identified the +8 hand crossbow "Coshygot" {elec, Stlth+}
 62992 | Depths:2 | Identified the +6 trident "Tewauxy" {vorpal, +Rage}
 63010 | Depths:2 | Identified the +1 plate armour "Nyanazxa" {rC+}
 65953 | Depths:3 | Reached skill level 1 in Crossbows
 66113 | Depths:3 | Found a huge runed gate.
 66113 | Depths:3 | Found a huge runed gate.
 66114 | Depths:3 | Found a huge runed gate.
 66116 | Depths:3 | Found a huge runed gate.
 66116 | Depths:3 | Found a huge runed gate.
 66117 | Depths:3 | Found a huge runed gate.
 66117 | Depths:3 | Found a huge runed gate.
 66117 | Depths:3 | Found a huge runed gate.
 66125 | Depths:3 | Found a huge runed gate.
 66125 | Depths:3 | Found a huge runed gate.
 66125 | Depths:3 | Found a huge runed gate.
 66125 | Depths:3 | Found a huge runed gate.
 66125 | Depths:3 | Found a huge runed gate.
 66125 | Depths:3 | Found a huge runed gate.
 66561 | Depths:3 | Reached skill level 5 in Crossbows
 66697 | Depths:3 | Noticed a juggernaut
 66703 | Depths:3 | Noticed a caustic shrike
 66709 | Depths:3 | Killed a juggernaut
 66712 | Depths:3 | Killed a caustic shrike
 66713 | Depths:3 | Reached XP level 26. HP: 174/175 MP: 0/0
 66849 | Depths:3 | Found a huge runed gate.
 66850 | Depths:3 | Found a huge runed gate.
 66857 | Depths:3 | Found a huge runed gate.
 66857 | Depths:3 | Found a huge runed gate.
 66858 | Depths:3 | Found a huge runed gate.
 66858 | Depths:3 | Found a huge runed gate.
 66858 | Depths:3 | Found a huge runed gate.
 66892 | Depths:3 | Found a huge runed gate.
 66892 | Depths:3 | Found a huge runed gate.
 66896 | Depths:3 | Found a huge runed gate.
 66896 | Depths:3 | Found a huge runed gate.
 66897 | Depths:3 | Found a huge runed gate.
 66899 | Depths:3 | Found a huge runed gate.
 66985 | Depths:3 | Found a one-way gate leading to the halls of Pandemonium.
 67025 | Depths:3 | Identified the +10 short sword "Aqaumaot" {speed, rElec
                  | Will+++ Int-3 Dex-5}
 67434 | Depths:4 | Noticed the Enchantress
 67442 | Depths:4 | Killed the Enchantress
 67493 | Depths:4 | Identified the ring "Toacyfeu" {Fly MP-9 Str+4}
 67665 | Depths:4 | Identified the ring of Feecyer {rF+ rCorr Dex+2}
 67818 | Depths:4 | Identified the ring "Ganogh" {rPois rC+}
 67892 | Depths:4 | Found a stormy altar of Qazlal.
 67918 | Depths:4 | Found a transporter.
 67978 | Depths:4 | Reached skill level 10 in Crossbows
 68003 | Depths:4 | Found an ornate altar of the Wu Jian Council.
 68003 | Depths:4 | Found a transporter.
 68117 | Depths:4 | Noticed Sojobo
 68126 | Depths:4 | Killed Sojobo
 68289 | Depths:5 | Entered Level 5 of the Depths
 69025 | Depths:5 | Found a gate to the Realm of Zot.
 69053 | Depths:5 | Found a gateway to a ziggurat.
 69114 | Depths:5 | Reached XP level 27. HP: 174/183 MP: 0/0
 69114 | Depths:5 | Learned a level 9 spell: Death's Door
 69834 | Vaults:5 | Entered Level 5 of the Vaults
 69834 | Vaults:5 | Noticed Mennas
 69835 | Vaults:5 | Noticed Bai Suzhen
 69863 | Vaults:4 | Killed Bai Suzhen
 69890 | Vaults:5 | Reached skill level 15 in Dodging
 69900 | Vaults:5 | Killed Mennas
 70171 | Vaults:5 | Identified the +7 hand axe of Risk Management {vorpal,
                  | +Blink Dex+5}
 70172 | Vaults:5 | Identified the +5 rapier of Unpleasantness {venom, rN+}
 70800 | Vaults:4 | Reached skill level 20 in Spellcasting
 71053 | Vaults:5 | Identified the +12 trident "Killer Bee's Doom" {flame,
                  | +Rage rCorr Dex-2}
 71075 | Vaults:5 | Found the +0 pair of fencer's gloves {Riposte Dex+3}
 71077 | Vaults:5 | Identified the +11 demon trident "Serph" {vorpal, rC++
                  | rCorr Int+2 Dex+3}
 71112 | Vaults:5 | Reached skill level 1 in Polearms
 71253 | Vaults:5 | Identified the +6 hunting sling of Deifyaho {vorpal, rPois}
 71722 | Vaults:5 | Got a silver rune of Zot
 71737 | Vaults:5 | Identified the +5 hunting sling "Hydrabane" {freeze, Str+4}
 71852 | Vaults:5 | Reached skill level 5 in Polearms
 73158 | Zot:1    | Entered Level 1 of the Realm of Zot
 74458 | Zot:2    | Found a transporter.
 74614 | Zot:2    | Acquired a manual of Crossbows
 74655 | Zot:2    | Found a transporter.
 75036 | Zot:2    | Reached skill level 10 in Polearms
 75535 | Zot:3    | Identified the +4 dagger "Asag" {drain, *Rage Int+4 SInv}
 76385 | Zot:4    | Noticed an orb of fire
 76876 | Zot:4    | Killed an orb of fire
 76885 | Zot:4    | Identified the +0 chain mail of Bitterness {-Cast Will-
                  | Str+9 Stlth+}
 77746 | Zot:5    | Entered Level 5 of the Realm of Zot
 77904 | Zot:5    | Found a runed translucent gate.
 77904 | Zot:5    | Found a runed translucent gate.
 77904 | Zot:5    | Found a runed translucent gate.
 77917 | Zot:5    | Noticed mdk's ghost (legendary DjFE)
 78641 | Zot:5    | Reached skill level 15 in Fighting
 78689 | Zot:5    | Noticed a dread lich
 78695 | Zot:5    | Killed a dread lich
 78715 | Zot:5    | Noticed a Killer Klown
 78715 | Zot:5    | Noticed an ancient lich
 78719 | Zot:5    | Noticed a Killer Klown
 78720 | Zot:5    | Noticed an orb of fire
 78721 | Zot:5    | Noticed a Killer Klown
 78727 | Zot:5    | Killed an ancient lich
 78735 | Zot:5    | Gained mutation: You sometimes lose the ability to read
                  | scrolls when taking damage. [an orb of fire]
 78736 | Zot:5    | HP: 9/191 [electric golem (2)]
 78737 | Zot:5    | HP: 3/191 [Killer Klown (7)]
 78737 | Zot:5    | Mangled by a death cob

Illustrated notes

Levels and vault maps discovered:
D:1:      roderic_crossed_star, layout_basic, minmay_three_crescents
D:2:      layout_loops_ring, basic_ecumenical_altar
D:3:      layout_loops_corners, serial_shops, nicolae_lakefront_shop,
          kennysheep_cluttered_room, chequers_serial_rivers_micro_c
D:4:      layout_rooms, cheibrodos_sewer_entry_drain,
          chequers_serial_rivers_room_a
D:5:      layout_loops_ring, uniq_pikel, uniq_sigmund
D:6:      layout_gridville, jmf_multi_god_temple, overflow_temple_1_default,
          minmay_temple_entry_glassed_door, biasface_ghost_orc_armoury,
          minivault_25
D:7:      layout_basic
D:8:      gammafunk_boulding_lane, layout_cave_pools,
          lemuel_coloured_pillars_altar, minitemple, lemuel_doored_altar,
          lightli_corner_chamber
D:9:      layout_loops_corners, lightli_temple_of_fire, orc_0_dummy,
          minmay_joined_circles, uniq_psyche
D:10:     layout_roguey [special_room_orc], due_lair_maze_entry_diamond
D:11:     layout_irregular_city, minmay_strange_pillars, uniq_erica
D:12:     layout_grid_maze, serial_undead, serial_undead_e, serial_undead_f,
          serial_undead_c, serial_undead_a, serial_undead_f
D:13:     layout_basic, ximxim_vaults_locker_room, minmay_increasing_density
D:14:     layout_cave_pools, nicolae_dithmenos_shadow_blocks
D:15:     hangedman_depths_entry_civil_slaughter, layout_cave_pools,
          okawaru_trees_1
Temple:   eino_temple_lava
Lair:1:   layout_gridlike, gammafunk_ghost_hive, grunt_forest_stairs_basic,
          nicolae_quartered_pool_little, grunt_megastairs_3, uniq_joseph,
          uniq_prince_ribbit2
Lair:2:   layout_roguey
Lair:3:   layout_loops_ring, guppyfry_snake_entry_island, grunt_megastairs_4
Lair:4:   layout_gridlike, minmay_swamp_entry_reptiles, special_room
          [special_room_bee], serial_bayou_shore_a
Lair:5:   layout_cave_shapes, gammafunk_ghost_wrathful_warriors,
          minmay_lair_oklob_items, beast_lair_carwin_2, lemuel_fruit_tree,
          uniq_josephine
Lair:6:   grunt_lair_end_beastmaster, layout_cave_shapes, slime_altar_2,
          hellmonk_guarded_unrand_vines
Swamp:1:  layout_falls_marsh, ebering_ghost_rock_garden,
          hangedman_swamp_ruin_wall
Swamp:2:  layout_basic_swamp, nicolae_swamp_orc_logging_accident, swamp_pool3
Swamp:3:  layout_basic_swamp, nicolae_swamp_some_circles
Swamp:4:  grunt_swamp_rune_castle, layout_basic_swamp
Snake:1:  layout_basic
Snake:2:  layout_misc_corridors, nicolae_take_the_stairs, grunt_megastairs_5,
          uniq_nikola
Snake:3:  gammafunk_its_a_trap, layout_onion, serial_shops, statue_bzr,
          serial_bayou_ford_a, nicolae_snake_storage_room, uniq_roxanne
Snake:4:  minmay_snake_end_coiled, layout_basic, st_stairs_7,
          nrook_guardian_serpent_double
Orc:1:    layout_caves
Orc:2:    st_orc_mages, layout_caves, mines2_lemuel, uniq_saint_roka
Elf:1:    nicolae_elf_arrival_fired_up, layout_loops_cross, serial_shops,
          nicolae_square_shop, hangedman_corner_corridor, grunt_ministairs_2
Elf:2:    nicolae_elf_blades_crystal_corner, layout_geoelf_octagon
Elf:3:    minmay_elf_hall_not_hex, layout_geoelf_castle, uniq_mara
Vaults:1: v_misc_22, nicolae_vaults_specimen_jars, hangedman_vaults_restitches,
          nicolae_vaults_circle_grid_a, v_misc_5, hangedman_vaults_maws,
          nicolae_vaults_asterisk, vaults_standard_mumra_lines,
          layout_vaults_omnigrid, serial_shops, shop
Vaults:2: hangedman_vaults_hard_town_square, minmay_crypt_entry_simple_box,
          nicolae_vaults_gold_heap, grunt_vaults_bifocal, vaults_mumra_hexcomb,
          v_pattern_2, ontoclasm_vaults_hangar, nicolae_vaults_little_squares_1,
          vaults_room_corners, layout_vaults_maze_snakey, uniq_margery,
          uniq_frederick, uniq_boris
Vaults:3: vaults_not_door_vault_due, nicolae_vaults_sealed_display,
          hangedman_vaults_trim, v_rooms_4, v_misc_26,
          nicolae_vaults_network_square, nicolae_vaults_stairing_the_circle,
          nicolae_vaults_ring_of_whatevers, nicolae_vaults_big_angled_halls,
          ontoclasm_vaults_misaligned, layout_vaults_omnibox,
          portal_desolation_entry_nicolae_slug, uniq_asterion
Vaults:4: st_eye, v_alt_pattern_6, grunt_vaults_twisty, v_alt_pattern_4,
          v_pattern_4, vaults_not_door_vault_mu, v_rooms_1,
          hangedman_vaults_maws, v_misc_22, nicolae_vaults_alarming,
          nicolae_vaults_asterisk, layout_vaults_ring
Vaults:5: uniq_mennas, uniq_bai_suzhen
Crypt:1:  layout_misc_corridors, serial_sigils_hangedman_gnaw,
          grunt_crypt_arrival_webbed
Crypt:2:  layout_chaotic_city, grunt_ministairs_10
Crypt:3:  church_of_pain_bobbens, layout_chaotic_city, uniq_xtahua
Depths:1: layout_small_grid, hellmouth_3, minmay_misc_feat_alley,
          muffindrake_ghost_three_little_ghosts, serial_shops,
          nicolae_shop_crystal, shop, shop, minivault_11,
          minmay_tree_intersection, ebering_dispersal_statue_hall,
          nicolae_hepliaklqana_monster_ancestors
Depths:2: minmay_the_grid_octo_2x2 [minmay_the_grid_octo_clover,
          minmay_the_grid_octo_chip, minmay_the_grid_octo_teeth,
          minmay_the_grid_octo_prize_ultimate_mussel_roller],
          layout_cave_shapes, chequers_serial_rivers_micro_c, serial_shops,
          freezing_bzr, hell_entry, abyss_entry, minmay_staircase_windowed_small
Depths:3: minmay_open_boxes_in_corner, layout_gridlike, lightli_too_deep,
          pan_entry, dk_noncrumbling_2, abyss_entry, door_vault,
          minmay_staircase_statues_hall_large
Depths:4: hangedman_spin_cycle, abyss_entry, pan_entry, hell_entry,
          uniq_enchantress
Depths:5: grunt_crosshair, layout_cross, enter_ziggurat_f, serial_sigils,
          serial_sigils_hangedman_writhe, serial_sigils_hangedman_etch,
          serial_sigils_hangedman_gut, serial_sigils_hangedman_confine,
          serial_sigils_hangedman_clutch, hell_entry
Zot:1:    layout_gridlike
Zot:2:    gammafunk_dig_for_victory, layout_misc_corridors, st_stairs_1,
          grunt_ministairs_6
Zot:3:    layout_basic
Zot:4:    layout_onion_interference
Zot:5:    layout_misc_corridors, gammafunk_ghost_split

Skill      XL: |  1  2  3  4  5  6  7  8  9 10 11 12 13 14 15 16 17 18 19 20 21 22 23 24 25 26 27 |
---------------+----------------------------------------------------------------------------------+-----
Stealth        | 2 3 4 5 7 8 9 10 11 | 11.0
Fighting       | 1 2 3 4 5 7 8 9 10 11 12 15 | 15.2
Spellcasting   | 3 4 5 6 7 8 9 11 12 13 14 15 16 17 18 19 20 | 20.5
Armour         | 1 4 5 6 9 11 12 | 12.0
Invocations    | 4 7 10 11 12 13 | 13.0
Dodging        | 3 4 7 9 10 12 13 14 15 | 15.0
Shields        | 2 4 6 9 11 12 13 14 15 17 | 17.1
Long Blades    | 2 5 8 10 11 12 13 14 | 14.0
Evocations     | 5 7 9 10 | 10.0
Crossbows      | 6 10 | 10.0
Polearms       | 12 | 12.3

Action                   |  1- 3 |  4- 6 |  7- 9 | 10-12 | 13-15 | 16-18 | 19-21 | 22-24 | 25-27 || total
-------------------------+-------+-------+-------+-------+-------+-------+-------+-------+-------++-------
Melee: Club              |     1 |       |       |       |       |       |       |       |       ||     1
       Short sword       |     2 |       |       |       |       |       |       |       |       ||     2
       Mace              |       |       |    71 |       |       |       |       |       |       ||    71
       Whip              |       |       |    31 |       |       |       |       |       |       ||    31
       Falchion          |       |       |    21 |   280 |   205 |    68 |       |       |       ||   574
       Dagger            |       |       |     1 |       |       |       |       |       |       ||     1
       Rapier            |       |       |       |       |     3 |     4 |       |     1 |     9 ||    17
       Scimitar          |       |       |       |       |       |   178 |   140 |    24 |       ||   342
       Demon blade       |       |       |       |       |       |       |       |   329 |    13 ||   342
       Demon trident     |       |       |       |       |       |       |       |       |   130 ||   130
 Fire: Hunting sling     |    47 |   128 |   108 |    52 |   185 |   286 |    18 |       |       ||   824
       Fustibalus        |       |       |       |       |       |       |   171 |   117 |    45 ||   333
       Hand crossbow     |       |       |       |       |       |       |       |       |   167 ||   167
Throw: Javelin           |       |       |       |       |       |       |     6 |     1 |     4 ||    11
 Cast: Sting             |    24 |    21 |    52 |     6 |     4 |       |       |       |       ||   107
       Poisonous Vapours |       |    32 |    80 |   103 |   229 |   170 |   136 |    98 |   158 ||  1006
       Olgreb's Toxic Ra |       |     1 |     4 |    28 |    40 |    33 |    17 |     5 |     2 ||   130
       Frozen Ramparts   |       |       |     6 |    30 |     3 |     3 |     1 |     1 |     2 ||    46
       Mephitic Cloud    |       |       |     1 |       |     1 |       |       |     4 |       ||     6
       Summon Lightning  |       |       |       |    33 |   103 |   104 |    75 |    44 |    33 ||   392
       Corpse Rot        |       |       |       |     1 |       |       |       |       |       ||     1
       Animate Skeleton  |       |       |       |     6 |    44 |    43 |    44 |    37 |    26 ||   200
       Borgnjor's Vile C |       |       |       |       |   158 |   297 |   347 |   406 |   507 ||  1715
       Shadow Creatures  |       |       |       |       |    16 |    53 |    51 |    16 |    10 ||   146
       Invisibility      |       |       |       |       |       |    16 |     6 |       |       ||    22
       Statue Form       |       |       |       |       |       |       |     2 |     3 |       ||     5
       Summon Horrible T |       |       |       |       |       |       |       |    52 |    45 ||    97
       Infestation       |       |       |       |       |       |       |       |    52 |   143 ||   195
Invok: Greater Servant o |       |       |       |       |       |     2 |       |     2 |     2 ||     6
       Lesser Servant of |       |       |       |       |       |       |     2 |     1 |       ||     3
 Abil: Evoke Blink       |       |       |       |       |       |       |       |       |     2 ||     2
Evoke: Wand              |       |       |     1 |    11 |     3 |    15 |    16 |       |    10 ||    56
       Tin of tremorston |       |       |       |       |       |       |     1 |       |     2 ||     3
       Box of beasts     |       |       |       |       |       |       |       |       |     3 ||     3
       Phantom mirror    |       |       |       |       |       |       |       |       |     1 ||     1
       Condenser vane    |       |       |       |       |       |       |       |       |     1 ||     1
  Use: Potion            |       |     3 |       |       |       |       |       |       |     1 ||     4
       Scroll            |       |       |       |    18 |     8 |     6 |     3 |       |    13 ||    48
 Stab: Sleeping          |       |       |     2 |     1 |     1 |     4 |     3 |     9 |     5 ||    25
       Distracted        |       |       |       |     2 |    11 |     4 |     1 |     8 |       ||    26
       Invisible         |       |       |       |       |       |     3 |     6 |       |       ||     9
Armor: Robe              |     5 |    18 |       |       |    54 |   126 |    84 |    62 |    78 ||   427
       Leather armour    |       |    26 |    84 |    61 |       |       |       |       |       ||   171
       Troll leather arm |       |       |       |    85 |    34 |       |       |       |       ||   119
       Skin              |       |       |       |       |       |       |     3 |    20 |       ||    23
Dodge: Dodged            |    14 |    59 |   138 |   216 |   239 |   311 |   182 |   137 |   219 ||  1515
Block: Buckler           |       |       |       |    46 |    81 |   158 |       |       |       ||   285
       Kite shield       |       |       |       |       |       |     6 |   200 |   239 |   129 ||   574
       Tower shield      |       |       |       |       |       |       |       |       |   161 ||   161
       Rpst.: Falchion   |       |       |     4 |    65 |    64 |    17 |       |       |       ||   150
       Scimitar          |       |       |       |       |       |    28 |    17 |     3 |       ||    48
       Demon blade       |       |       |       |       |       |       |       |    11 |     6 ||    17
